 BcadrenCrawl: Boulder Brew version 0.04.2-20-g1dbc4a6302 (webtiles) character file.

Game seed: 7162798637203241051, levelgen mode: deterministic

42493 st0uf the Spry (level 13, -6/116 HPs) Pearl Draconian Demonspawn. Began on May 24, 2021. Was the Champion of Bahamut & Tiamat. Mangled by a sun demon (15 damage) ... on level 1 of the Abyss. The game lasted 01:06:15 (8776 turns).

st0uf the Spry (Pearl Draconian Demonspawn)         Turns: 8776, Time: 01:06:16

Health: -6/116     AC: 33    Str: 19    XL:     13 ^: 3760
Magic:  27/27      EV: 24    Int: 18    God:    Bahamut & Tiamat [6* [174]]
Gold:   669        SH:  0    Dex: 13    Spells: 29/32 levels left

rFire    . . .     Vision   +     - Unarmed
rCold    . . .     Gourm    .     - Unarmed
rNeg     + + +     Faith    .   (armour unavailable)
rPois    .         Spirit   .   (helmet unavailable)
rElec    .         Reflect  .   s - +2 cloak
rCorr    .         Harm     .   (no gloves)
MR       .....                  G - +2 pair of boots of Jajiew {rN++ Int+5}
Stlth    ++........             o - amulet of regeneration
HPRegen  0.88/turn              e - ring of protection
MPRegen  0.37/turn              l - ring of protection

@: no status effects
A: no body armour, unfitting armour, antennae 3, iridescent scales 2, foul
stench 1, spiny 1, augmentation 1, cold-blooded, rot immunity, boosted long
blades aptitude, boosted dodging aptitude, charms, summoning and earth enhancers
2, AC++, rHoly, rN+, AC +13
a: Breathe Blessed Flames, Adaptive Breath, Drake Mount, Brand Weapon with
Dragonslaying, Receive Book of the Dragon, Renounce Religion


You were on level 1 of the Abyss.
You worshipped Bahamut & Tiamat.
Bahamut & Tiamat was exalted by your worship.
You were not hungry.

You visited 2 branches of the dungeon, and saw 8 of its levels.
You visited the Abyss 1 time.
You also visited: Ice Cave.

You collected 669 gold pieces.

Inventory:

Weapons
 x - the +2 whip of Qajodargh {freeze, rPois rC++ Dex+3 +Vis}
   (You found it on level 4 of the Dungeon)

   It has been specially enchanted to freeze those struck by it, causing extra
   injury to most foes and up to half again as much damage against particularly
   susceptible opponents.
   It can also slow down cold-blooded creatures.
   It affects your dexterity (+3).
   It greatly protects you from cold.
   It protects you from poison.
   It improves your vision.
   Shields
 u - a +0 heater shield
Armour
 s - a +2 cloak (worn)
 G - the +2 pair of boots of Jajiew (worn) {rN++ Int+5}
   (You found it on level 5 of the Dungeon)

   It affects your intelligence (+5).
   It greatly protects you from negative energy.
Jewellery
 d - an uncursed ring of intelligence
 e - a ring of protection (left hand)
 l - a ring of protection (right hand)
 o - an amulet of regeneration (around neck)
 B - an uncursed ring of wizardry
 E - an uncursed ring of magical power
 F - an uncursed ring of ice
 H - an uncursed ring of intelligence
Wands
 q - a wand of iceblast (7)
 v - a wand of random effects (40)
 w - a wand of enslavement (2)
 A - a wand of disintegration (16)
 C - a wand of flame (14)
Scrolls
 a - 6 scrolls of teleportation
 i - a scroll of fear
 j - a scroll of amnesia
 m - 6 scrolls of enchantment
 y - 2 scrolls of fog
 J - 2 scrolls of acquirement
 K - a scroll of bless item
 L - a scroll of blinking
Potions
 c - 7 potions of lignification
 f - 5 potions of brilliance
 g - a potion of resistance
 h - 3 potions of berserk rage
 k - 3 potions of haste
 n - a potion of cure mutation
 p - 8 potions of curing
 r - 2 potions of ambrosia
 t - 4 potions of mutation
 z - a potion of heal wounds
 D - a potion of cancellation
 I - a potion of experience
 M - a potion of agility
Comestibles
 b - 16 rations


   Skills:
 * Level 11.4 Fighting
 + Level 18.6 Dodging
 - Level 2.0 Stealth
 - Level 5.0 Unarmed Combat
 + Level 10.2 Spellcasting
 * Level 5.0 Summonings
 - Level 1.5 Fire Magic
   Level 1.8 Ice Magic
 * Level 9.8 Invocations


You had 29 spell levels left.
You knew the following spells:

 Your Spells              Type           Power        Failure   Level  Hunger
a - Flame Tongue          Fire           14 (30)      4%          1    None
c - Call Imp              Summ           58 (100)     1%          2    None

Your spell library contained the following spells:

 Spells                   Type           Power        Failure   Level  Hunger
 Summon Small Mammal      Summ           25 (25)      1%          1    None
 Call Canine Familiar     Summ           58 (100)     3%          3    None
 Magic Candle             Hex/Fire       12 (90)      5%          1    None
 Ensorcelled Hibernation  Hex/Ice        12 (50)      9%          2    None
 Blink                    Tloc           N/A          12%         2    None
 Slow                     Hex            9 (100)      12%         2    None
 Conjure Flame            Fire           14 (100)     12%         3    None
 Summon Ice Beast         Ice/Summ       48 (100)     19%         4    ###....
 Blinding Spray           Hex/Pois       9 (50)       24%         3    None
 Confuse                  Hex            9 (100)      24%         3    None
 Mephitic Cloud           Pois/Air       9 (100)      24%         3    None
 Tukima's Dance           Hex            9 (100)      24%         3    None
 Summon Lightning Spire   Summ/Air       41 (100)     58%         5    #####..
 Fulminant Prism          Hex            9 (200)      61%         4    ###....
 Shadow Creatures         Summ           N/A          83%         6    ######.
 Silence                  Hex/Air        9 (200)      91%         5    #####..
 Borgnjor's Vile Clutch   Necr/Erth      20 (200)     100%        6    ######.
 Conjure Ball Lightning   Air            9 (200)      100%        6    ######.
 Darkness                 Hex            9 (200)      100%        6    ######.
 Deflect Missiles         Chrm/Air       20 (200)     100%        6    ######.
 Infestation              Tmut/Pois      9 (200)      100%        7    #######
 Tornado                  Air            9 (200)      100%        9    #######


Dungeon Overview and Level Annotations

Branches:
Dungeon (7/8)              Temple (1/1) D:4            Lair (0/6) D:5
    Orc (0/2) D:6          Vaults (0/5) D:7           IceCv (visited)

Altars:
Ashenzari Bahamut & Tiamat
Dithmenos
Elyvilon
Fedhas Madash
Hepliaklqana
Makhleb
Nemelex Xobeh
Okawaru
Qazlal
Sif Muna
Trog
Uskayaw
Vehumet
Wu Jian
Xom
Yredelemnul
The Shining One

Shops:
D:2 **[*   D:6 =(((=

Annotations:
D:6 2 transporters, kuzco6543's ghost, journeyman FoNo


Innate Abilities, Weirdness & Mutations

You cannot fit into any form of body armour.
Your opalescent pearl scales are resilient. (AC +13)
You can breathe bursts of cleansing flame.
You have a pair of large antennae on your head. (+Vis)
You are mostly covered in iridescent scales. (AC +4)
You may emit foul miasma when damaged in melee.
You are partially covered in sharp spines.
Your magical and physical power is slightly enhanced at high health.
You are cold-blooded and may be slowed by cold attacks.
You are immune to rotting.
You are naturally skilled at Long Blades (Aptitude +3).
You are naturally skilled at Dodging (Aptitude +3).
You are strongly in touch with the powers of charms, summonings and the earth.
Your opalescent pearl scales boost your defenses, increase your resistance to negative energy and remove your vulnerability to holy energy. (AC++, rN+, rHoly)


Message History

* * * LOW HITPOINT WARNING * * *
Unknown command.
Unknown command.
Unknown command.
The sun demon closely misses you (0).
The sun demon is struck by your spines (4).
The sun demon hits you (10)!
* * * LOW HITPOINT WARNING * * *
You are engulfed in flames (11)!
* * * LOW HITPOINT WARNING * * *
Unknown command.
The sun demon misses you (0).
You feel much better.
You have got your breath back.
The sun demon completely misses you (0).
There is a gateway leading out of the Abyss, spattered with blood here.
The sun demon hits you (20)!!
* * * LOW HITPOINT WARNING * * *
You are engulfed in flames (15)!
You die...

#.....# ##
#......#.#.. .#
#.#..#...#...#.
## # ##.##.#. #
##...#...##... .#
#..##.#..#.#.# .
#.....#.#.....#
###.#............
#......@..#.....
##.....#3........
#.#.....#$.....#
#...#.....#.....#
.#..###.....##.#
## #..#.#...# .
#..#.....#.# ###
...##...# ####.
#.##


You could see a sun demon.

Vanquished Creatures
  A tentacled starspawn (Abyss:1)
  A frost giant (IceCv)
  An ironheart preserver (D:7)
  A lorocyproca (Abyss:1)
  A gibbering mound (Abyss:1)
  An ogre mage (D:7)
  2 unseen horrors (D:7)
  A thrashing horror (Abyss:1)
  A two-headed ogre (D:6)
  3 hydras
  2 orc knights (D:7)
  A sixfirhy (Abyss:1)
  2 deep elf magi
  3 manticores (D:7)
  A worldbinder (Abyss:1)
  A rock worm (D:7)
  3 death yaks (IceCv)
  An orc sorcerer (Abyss:1)
  A hellion (Abyss:1)
  2 ugly things (D:6)
  2 smoke demons (Abyss:1)
  A hellwing (Abyss:1)
  A spectral quicksilver dragon (Abyss:1)
  A freezing wraith (Abyss:1)
  A troll (D:7)
  A yaktaur (D:7)
  A meliai (D:7)
  A kobold demonologist (D:6)
  4 small abominations (Abyss:1)
  2 guardian mummies (D:5)
  2 tengu conjurers (D:7)
  19 polar bears (IceCv)
  2 ancient zymes (Abyss:1)
  2 hornets (D:7)
  2 ynoxinuls (Abyss:1)
  A raiju (Abyss:1)
  A wraith (D:6)
  A spriggan (D:6)
  A neqoxec (Abyss:1)
  3 hippogriffs
  2 cyclopes
  3 chaos elementals (Abyss:1)
  A wyvern (D:6)
  32 yaks
  A yak (shapeshifter) (Abyss:1)
  A shadow (D:6)
  2 hungry ghosts
  A dire elephant simulacrum (Abyss:1)
  A slime creature (D:7)
  3 vampire mosquitoes (D:6)
  Purgy (D:2)
  2 necrophages
  2 phantoms
  An anaconda skeleton (Abyss:1)
  6 orc warriors
  4 porcupines (D:5)
  3 water moccasins (D:2)
  11 scorpions
  A sky beast (D:5)
  15 wolves (IceCv)
  2 eyes of draining
  4 ogres
  4 crocodiles
  3 big kobolds (D:2)
  10 bullfrogs
  3 centaurs (D:5)
  2 howler monkeys
  3 wights (D:5)
  9 killer bees (D:5)
  3 quasits
  2 hornet zombies (D:5)
  2 orc priests
  7 hounds
  12 jellies
  8 orc wizards
  Crazy Yiuf (D:7)
  2 mummies (D:5)
  8 worker ants
  3 iguanas (D:5)
  3 wyvern zombies (D:5)
  3 wyvern skeletons
  4 giant cockroaches
  5 bullfrog zombies
  2 porcupine zombies (D:5)
  4 bullfrog skeletons
  2 porcupine skeletons
  2 shadow imps
  10 adders
  24 sewer rats (D:2)
  4 white imps
  14 cinder newts
  A worm (D:2)
  7 hound zombies (D:5)
  An ufetubus (Abyss:1)
  A worker ant zombie (D:5)
  3 hound skeletons
  6 oozes (D:2)
  2 dart slugs
  11 leopard geckos
  47 orcs
  4 adder zombies (D:5)
  2 bats
  A cinder newt skeleton (D:2)
  A goblin (D:1)
  6 hobgoblins (D:1)
  15 jackals
  4 quokkas
  4 ball pythons (D:2)
  A hobgoblin skeleton (D:2)
  5 kobolds (D:2)
  A leopard gecko skeleton (D:3)
  2 leopard gecko zombies (D:5)
  8 rats (D:1)
  A bush (D:4)
  A butterfly (D:5)
  2 withered plants (D:2)
474 creatures vanquished.

Vanquished Creatures (others)
  A vampire mosquito (D:7)
  A giant cockroach (D:2)
  3 sewer rats (D:2)
  3 ball pythons (D:2)
  A jackal (D:5)
  A bat (D:2)
  2 bat skeletons (D:2)
  3 kobolds (D:2)
  2 giant blowflies
  13 plants
  2 slimeheads (D:2)
  2 starspawn tentacles (Abyss:1)
  72 withered plants (D:2)
106 creatures vanquished.

Grand Total: 580 creatures vanquished

Notes
Turn   | Place    | Note
-------+----------+-------------------------------------------
     0 | D:1      | st0uf the Immature Draconian Demonspawn began the quest for
                  | the Orb.
     0 | D:1      | Reached XP level 1. HP: 16/16 MP: 3/3
   342 | D:1      | Gained mutation: You have a pair of small antennae on your
                  | head. [demonic ancestry]
   342 | D:1      | Reached XP level 2. HP: 23/23 MP: 4/4
   468 | D:1      | Reached skill level 3 in Dodging
   773 | D:1      | Reached XP level 3. HP: 28/28 MP: 5/5
   968 | D:2      | Reached XP level 4. HP: 20/36 MP: 6/6
  1134 | D:2      | Gained mutation: You are partially covered in sharp spines.
                  | [demonic ancestry]
  1134 | D:2      | Reached XP level 5. HP: 31/41 MP: 8/8
  1158 | D:2      | Found Mytsu's General Store.
  1163 | D:2      | Found Qema's Antique Armour Emporium.
  1355 | D:2      | Gained mutation: You are immune to rotting. [demonic
                  | ancestry]
  1355 | D:2      | Reached XP level 6. HP: 17/50 MP: 8/10
  1551 | D:2      | Found Coc Iqot's General Store.
  1587 | D:2      | Your scales start taking on an icy white colour.
  1587 | D:2      | Reached XP level 7. HP: 57/57 MP: 11/11
  1587 | D:2      | Gained mutation: You may emit foul miasma when damaged in
                  | melee. [demonic ancestry]
  1587 | D:2      | Gained mutation: Your opalescent pearl scales boost your
                  | defenses, increase your resistance to negative energy and
                  | remove your vulnerability to holy energy. (AC++, rN+,
                  | rHoly) [White Draconian growth]
  1587 | D:2      | Gained mutation: You are strongly in touch with the powers
                  | of charms, summonings and the earth. [White Draconian
                  | growth]
  1686 | D:2      | Found Pedo's General Store.
  1736 | D:2      | Reached skill level 5 in Unarmed Combat
  1788 | D:2      | Found a bloodstained altar of Trog.
  1796 | D:2      | Reached skill level 4 in Dodging
  1887 | D:2      | Reached skill level 5 in Dodging
  1925 | D:2      | Reached XP level 8. HP: 53/63 MP: 13/13
  2016 | D:2      | Reached skill level 6 in Dodging
  2017 | D:2      | Noticed Purgy
  2042 | D:2      | Killed Purgy
  2105 | D:2      | Reached skill level 7 in Dodging
  2491 | D:2      | Reached skill level 8 in Dodging
  2720 | D:3      | Reached skill level 9 in Dodging
  2790 | D:3      | Identified the cursed ring "Bodicw" {+Blink rF+ Str+5
                  | Int+2, (Curse: *Tele Fragile)}
  2845 | D:3      | Found a radiant altar of Vehumet.
  2964 | D:3      | Noticed a hatchet
  2964 | D:3      | Noticed a dagger
  2967 | D:3      | Found a hide-covered altar of Uskayaw.
  3115 | D:3      | Gained mutation: You are partially covered in iridescent
                  | scales. (AC +2) [demonic ancestry]
  3115 | D:3      | Reached XP level 9. HP: 70/70 MP: 14/14
  3372 | D:4      | Reached skill level 10 in Dodging
  3430 | D:4      | Found a staircase to the Ecumenical Temple.
  3439 | Temple   | Entered the Ecumenical Temple
  3485 | Temple   | Became a worshipper of Bahamut & Tiamat
  3548 | D:4      | Identified the +2 whip of Qajodargh {freeze, rPois rC++
                  | Dex+3 +Vis}
  3570 | D:4      | Reached skill level 11 in Dodging
  3576 | D:4      | Found a burning altar of Makhleb.
  3582 | D:4      | Found a white marble altar of Elyvilon.
  3746 | D:4      | Found a glowing golden altar of the Shining One.
  3835 | D:4      | Reached * piety under Bahamut & Tiamat
  4193 | D:4      | Found a sparkling altar of Nemelex Xobeh.
  4423 | D:5      | Entered Level 5 of the Dungeon
  4423 | D:5      | Found a shattered altar of Ashenzari.
  4464 | D:5      | Reached skill level 12 in Dodging
  4495 | D:5      | Reached ** piety under Bahamut & Tiamat
  4495 | D:5      | Gained mutation: You are naturally skilled at Long Blades
                  | (Aptitude +3). [draconic bloodline]
  4495 | D:5      | Gained mutation: You have a pair of antennae on your head.
                  | [demonic ancestry]
  4495 | D:5      | Reached XP level 10. HP: 44/77 MP: 15/15
  4520 | D:5      | Found a staircase to the Lair.
  4658 | D:5      | Reached skill level 13 in Dodging
  4666 | D:5      | Found a frozen archway.
  4741 | IceCv    | Entered an ice cave
  4777 | IceCv    | Reached *** piety under Bahamut & Tiamat
  4859 | IceCv    | Reached skill level 5 in Fighting
  4859 | IceCv    | Reached skill level 5 in Spellcasting
  4884 | IceCv    | Gained mutation: You have a pair of large antennae on your
                  | head. (+Vis) [demonic ancestry]
  4884 | IceCv    | Reached XP level 11. HP: 71/89 MP: 19/19
  5047 | IceCv    | Identified the +6 quarterstaff of Chance {antimagic, Dex+2
                  | +Vis Stlth+}
  5073 | IceCv    | Reached **** piety under Bahamut & Tiamat
  5654 | IceCv    | Noticed a frost giant
  5695 | IceCv    | Killed a frost giant
  5699 | IceCv    | Learned a level 2 spell: Ensorcelled Hibernation
  5774 | IceCv    | Reached skill level 5 in Invocations
  5821 | IceCv    | Gained mutation: You are naturally skilled at Dodging
                  | (Aptitude +3). [draconic bloodline]
  5821 | IceCv    | Reached skill level 16 in Dodging
  5821 | IceCv    | Gained mutation: You are mostly covered in iridescent
                  | scales. (AC +4) [demonic ancestry]
  5821 | IceCv    | Reached XP level 12. HP: 90/104 MP: 25/25
  6047 | D:5      | Reached skill level 1 in Ice Magic
  6258 | D:5      | Reached ***** piety under Bahamut & Tiamat
  6310 | D:5      | Identified the +2 pair of boots of Jajiew {rN++ Int+5}
  6407 | D:5      | Identified the cursed ring of the King {Str+5 Stlth+,
                  | (Curse: Fragile rC-)}
  6615 | D:5      | Reached skill level 10 in Spellcasting
  6854 | D:5      | Identified a scroll of acquirement
  7071 | D:6      | Found Kuqu Pitu's Jewellery Emporium.
  7171 | D:6      | Found an ornate altar of the Wu Jian Council.
  7190 | D:6      | Reached ****** piety under Bahamut & Tiamat
  7191 | D:6      | Your scales start taking on an opalescent pearl colour.
  7191 | D:6      | Reduced skill Ice Magic to level 1
  7191 | D:6      | Reached XP level 12. HP: 106/106 MP: 26/26
  7218 | D:6      | Reached skill level 17 in Dodging
  7226 | D:6      | Found a staircase to the Orcish Mines.
  7227 | D:6      | Found Zoxkuqay's Weapon Shop.
  7286 | D:6      | Learned a level 2 spell: Call Imp
  7302 | D:6      | Found a transporter.
  7302 | D:6      | Noticed kuzco6543's ghost (journeyman FoNo)
  7306 | D:6      | Found a bloodstained altar of Trog.
  7313 | D:6      | Found a transporter.
  7348 | D:6      | Found Raloefog's Antique Weapon Shoppe.
  7439 | D:6      | Reached skill level 10 in Fighting
  7544 | D:6      | Found Rouleph's Weapon Shoppe.
  7553 | D:6      | Reached skill level 1 in Summonings
  7568 | D:6      | Found Zilaires's Jewellery Boutique.
  7836 | D:7      | Gained mutation: Your magical and physical power is
                  | slightly enhanced at high health. [demonic ancestry]
  7836 | D:7      | Gained mutation: You are strongly in touch with the powers
                  | of charms, summonings and the earth. [Pearl Draconian
                  | growth]
  7836 | D:7      | Reached XP level 13. HP: 100/114 MP: 27/27
  7844 | D:7      | Noticed an ironheart preserver
  7864 | D:7      | Killed an ironheart preserver
  7934 | D:7      | Found a gate to the Vaults.
  8014 | D:7      | Found a runed translucent door.
  8015 | D:7      | Noticed Crazy Yiuf
  8021 | D:7      | Killed Crazy Yiuf
  8088 | D:7      | Reached skill level 18 in Dodging
  8125 | D:7      | Cast into level 1 of the Abyss (orc knight)
  8264 | Abyss:1  | Noticed a tentacled starspawn
  8274 | Abyss:1  | Killed a tentacled starspawn
  8322 | Abyss:1  | Identified the +1 robe of Tender Moments {Regen+ Str+4}
  8464 | Abyss:1  | Noticed a tentacled starspawn
  8712 | Abyss:1  | Reached skill level 5 in Summonings
  8776 | Abyss:1  | Mangled by a sun demon

Levels and vault maps discovered:
D:1:      minmay_arrival_four_loops, layout_basic
D:2:      layout_sewer, bloody_trog, serial_column_ruins,
          column_ruins_square_medium, column_ruins_open_large,
          column_ruins_columns_straight, column_ruins_grid_1,
          column_ruins_open_tiny, serial_shops, shop, kennysheep_little_box,
          shop, shop, uniq_purgy
D:3:      layout_loops_ring, kennysheep_mini, dancing_weapons_uskayaw,
          first_ration
D:4:      layout_loops_ring, chequers_temple_overflow_statue_of_worship,
          kennysheep_mini_moat, overflow_temple_1_default,
          minmay_temple_entry_waves, serial_forest, infiniplex_forest_lined_3,
          infiniplex_forest_side_room, infiniplex_forest_end_2,
          infiniplex_forest_straight_5, infiniplex_forest_straight_1,
          infiniplex_forest_lined_room_3, infiniplex_forest_clump_medium
D:5:      ossuary_minmay_chase, layout_irregular_city, minmay_lair_entry_grove,
          portal_ice_cave_entry_pillars_2, basic_altar
D:6:      layout_roguey, lemuel_doored_altar, orc_david_3, serial_shops, shop,
          shop, nicolae_shop_overgrown_old_shop, shop,
          gammafunk_ghost_wrathful_warriors, grunt_pizzeria
D:7:      layout_cave_pods, lemuel_round_altar,
          skrybe_vaults_entry_preservation, basic_altar,
          uniq_crazy_yiuf_cottage, uniq_nessos
Temple:   compressed_dpeg_circular_temple
Abyss:1:  base: D:1, hangedman_abyss_or_decor_jellyfish_corner,
          hangedman_abyss_or_decor_jellyfish_corner, hangedman_relentless_pull,
          hangedman_abyss_feature_spike, hangedman_elemental_corridor,
          evilmike_abyss_exit_11

Skill      XL: |  1  2  3  4  5  6  7  8  9 10 11 12 13 |
---------------+----------------------------------------+-----
Unarmed Combat | 2 3 4 5 |  5.0
Dodging        | 3 5 9 12 13 16 17 18 | 18.6
Spellcasting   | 2 3 5 9 10 | 10.2
Fighting       | 2 3 5 9 10 11 | 11.4
Stealth        | 2 |  2.0
Invocations    | 5 8 9 |  9.8
Ice Magic      | 1 |  1.8
Summonings     | 2 5 |  5.0
Fire Magic     | |  1.5

Action                   |  1- 3 |  4- 6 |  7- 9 | 10-12 | 13-15 || total
-------------------------+-------+-------+-------+-------+-------++-------
Melee: Unarmed           |   112 |   166 |   631 |  1345 |   391 ||  2645
       Tailslap          |     6 |     2 |    44 |   140 |    57 ||   249
Invok: Choose Bahamut's  |       |       |     1 |       |       ||     1
       Choose Tiamat's A |       |       |       |     1 |       ||     1
       Choose Bahamut's  |       |       |       |     1 |       ||     1
       Choose Bahamut's  |       |       |       |     1 |       ||     1
       Adaptive Breath   |       |       |       |       |     1 ||     1
 Abil: Breathe Blessed F |       |       |       |     3 |     3 ||     6
       Breathe Frost     |       |       |       |     1 |       ||     1
  Use: Scroll            |       |       |     1 |     1 |       ||     2
       Potion            |       |       |       |       |     1 ||     1
 Stab: Sleeping          |     4 |     1 |     5 |     9 |       ||    19
       Distracted        |       |       |     1 |       |       ||     1
       Confused          |       |       |       |       |     1 ||     1
  Eat: Chunk             |       |     2 |    11 |    14 |     1 ||    28
       Ration            |       |       |       |       |     1 ||     1
Armor: Skin              |     8 |     7 |    34 |   143 |   109 ||   301
Dodge: Dodged            |    26 |    31 |   153 |   325 |   152 ||   687
